 Dungeon Crawl Stone Soup version 0.26-a0-376-g13fbb91ece (webtiles) character file.

Game seed: 4810262414106123448

728 Gargoyl the Skirmisher (level 7, -2/60 HPs)
             Began as a Gnoll Abyssal Knight on July 20, 2020.
             Was a Priest of Lugonu.
             Slain by an ogre
             ... wielding a +0 giant club
              (17 damage)
             ... on level 4 of the Dungeon.
             The game lasted 00:05:58 (5055 turns).

Gargoyl the Skirmisher (Gnoll Abyssal Knight)       Turns: 5055, Time: 00:05:59

Health: -2/60      AC: 12    Str: 17    XL:     7   Next: 72%
Magic:  11/11      EV:  3    Int: 14    God:    Lugonu [***...]
Gold:   15         SH:  3    Dex: 14    Spells: 11/11 levels left

rFire    . . .     SeeInvis .   a - +1 hand axe
rCold    . . .     Faith    .   n - +0 buckler
rNeg     . . .     Spirit   .   d - +0 plate armour
rPois    .         Reflect  .   (no helmet)
rElec    .         Harm     .   f - +1 cloak
rCorr    .                      (no gloves)
MR       .....                  (no boots)
Stlth    ..........             (no amulet)
HPRegen  0.20/turn              (no ring)
MPRegen  0.12/turn              (no ring)

@: very heavily drained
A: distributed training, fangs 1, strong nose
a: Depart the Abyss, Bend Space, Banish, Renounce Religion


You were on level 4 of the Dungeon.
You worshipped Lugonu.
Lugonu was most pleased with you.
You visited 1 branch of the dungeon, and saw 4 of its levels.
You visited the Abyss 1 time.
You also visited: Sewer.

You collected 249 gold pieces.
You spent 234 gold pieces at shops.

Inventory:

Hand Weapons
 a - a +1 hand axe (weapon)
Armour
 d - a +0 plate armour (worn)
 f - a +1 cloak (worn)
 n - a +0 buckler (worn)
Wands
 b - a wand of paralysis (5)
 h - a wand of polymorph (19)
 r - a wand of iceblast (18)
Scrolls
 g - 2 scrolls of identify
Potions
 c - 2 potions of lignification
 e - a potion of ambrosia
 i - 2 potions of flight {unknown}
 j - 2 potions of brilliance {unknown}
 k - 7 potions of heal wounds
 l - 6 potions of curing
 m - 2 potions of stabbing {unknown}
 o - a potion of might {unknown}


   Skills:
 + Level 7.1(1.9) Fighting
 + Level 2.6(0.0) Short Blades
 + Level 2.6(0.0) Long Blades
 + Level 5.3(0.3) Axes
 + Level 2.6(0.0) Maces & Flails
 + Level 2.6(0.0) Polearms
 + Level 2.6(0.0) Staves
 + Level 2.6(0.0) Slings
 + Level 2.6(0.0) Bows
 + Level 2.6(0.0) Crossbows
 + Level 2.6(0.0) Throwing
 + Level 5.3(0.3) Armour
 + Level 3.7(0.0) Dodging
 + Level 2.6(0.0) Stealth
 + Level 2.6(0.0) Shields
 + Level 2.6(0.0) Unarmed Combat
 + Level 2.6(0.0) Spellcasting
 + Level 2.1(0.0) Conjurations
 + Level 2.1(0.0) Hexes
   Level 0.0 Charms
 + Level 2.1(0.0) Summonings
 + Level 2.1(0.0) Necromancy
 + Level 2.1(0.0) Translocations
 + Level 2.1(0.0) Transmutations
 + Level 2.1(0.0) Fire Magic
 + Level 2.1(0.0) Ice Magic
 + Level 2.1(0.0) Air Magic
 + Level 2.1(0.0) Earth Magic
 + Level 2.1(0.0) Poison Magic
 + Level 5.4(0.5) Invocations
 + Level 2.6(0.0) Evocations


You had 11 spell levels left.
You didn't know any spells.
Your spell library was empty.

Dungeon Overview and Level Annotations

Branches:
Dungeon (4/15)              Sewer (visited)
 Temple: D:4-7

Altars:
Ashenzari
Gozag

Shops:
D:4 ?!


Innate Abilities, Weirdness & Mutations

Your experience applies equally to all skills.
You have very sharp teeth.
Your uncanny sense of smell can sniff out nearby items.


Message History

The helpless ogre fails to defend itself.
You hit the ogre. You bite the ogre, but do no damage.
The ogre is severely wounded.
The helpless ogre fails to defend itself.
You hit the ogre.
The ogre is severely wounded.
The ogre is no longer paralysed.
The ogre hits you with a +0 giant club.
Your shield and plate armour prevent you from hitting the ogre.
You bite the ogre, but do no damage.
The ogre is severely wounded.
The ogre hits you with a +0 giant club!!
You hit the ogre. You bite the ogre.
The ogre is almost dead.
The ogre hits you with a +0 giant club!!
* * * LOW HITPOINT WARNING * * *
Your plate armour prevents you from hitting the ogre.
You bite the ogre.
The ogre is almost dead.
The ogre hits you with a +0 giant club!
You die...

⌠.⌠..... ..... #.
8.8..####...# #####.
#......##...# #..#.)
#......##...# #..#.#
#......##...# #..#)#
#......##...# #..#.#
###'#####...####..#..
#O###........#.>...
#.@................
#####........##....
#........###...
#........###...
#........#.....
##.............
#.............
#.............
####......####


You could see an ogre.

Vanquished Creatures
  Edmund (D:4)
  3 big kobolds (Sewer)
  A hound (D:2)
  An orc priest (D:4)
  2 iguanas (D:4)
  A worker ant (D:4)
  3 gnolls (D:2)
  3 adders
  8 river rats (Sewer)
  4 oozes
  6 dart slugs
  A leopard gecko (D:4)
  4 orcs (D:4)
  3 giant cockroaches (D:3)
  5 goblins
  4 hobgoblins
  2 jackals (D:2)
  3 quokkas
  7 ball pythons
  9 bats
  9 frilled lizards
  23 kobolds
  24 rats
127 creatures vanquished.

Notes
Turn   | Place    | Note
-------+----------+-------------------------------------------
     0 | Abyss:1  | Gargoyl the Gnoll Abyssal Knight began the quest for the
                  | Orb.
     0 | Abyss:1  | Reached XP level 1. HP: 23/23 MP: 3/3
    13 | Abyss:1  | Found a roughly hewn altar of Beogh.
    53 | Abyss:1  | Noticed a worldbinder
   174 | Abyss:2  | Noticed a frost giant zombie
   176 | Abyss:2  | Noticed a ynoxinul
   177 | Abyss:2  | Noticed a profane servitor
   178 | Abyss:2  | Noticed a large abomination
   190 | Abyss:2  | Noticed a ynoxinul
   202 | Abyss:2  | Noticed a raiju
   202 | Abyss:2  | Noticed a raiju
   203 | D:1      | Escaped the Abyss
   492 | D:1      | Reached XP level 2. HP: 29/29 MP: 5/5
   525 | D:1      | Reached * piety under Lugonu
   768 | D:2      | Reached XP level 3. HP: 22/35 MP: 6/6
  1002 | D:2      | Found an opulent altar of Gozag.
  1088 | D:2      | Reached skill level 1 in Short Blades
  1088 | D:2      | Reached skill level 1 in Long Blades
  1088 | D:2      | Reached skill level 1 in Maces & Flails
  1088 | D:2      | Reached skill level 1 in Polearms
  1088 | D:2      | Reached skill level 1 in Staves
  1088 | D:2      | Reached skill level 1 in Slings
  1088 | D:2      | Reached skill level 1 in Bows
  1088 | D:2      | Reached skill level 1 in Crossbows
  1088 | D:2      | Reached skill level 1 in Throwing
  1088 | D:2      | Reached skill level 1 in Stealth
  1088 | D:2      | Reached skill level 1 in Shields
  1088 | D:2      | Reached skill level 1 in Unarmed Combat
  1088 | D:2      | Reached skill level 1 in Spellcasting
  1088 | D:2      | Reached skill level 1 in Evocations
  1236 | D:2      | Found a shattered altar of Ashenzari.
  1242 | D:2      | Reached XP level 4. HP: 41/41 MP: 7/7
  1744 | D:2      | Reached skill level 1 in Conjurations
  1744 | D:2      | Reached skill level 1 in Hexes
  1744 | D:2      | Reached skill level 1 in Summonings
  1744 | D:2      | Reached skill level 1 in Necromancy
  1744 | D:2      | Reached skill level 1 in Translocations
  1744 | D:2      | Reached skill level 1 in Transmutations
  1744 | D:2      | Reached skill level 1 in Fire Magic
  1744 | D:2      | Reached skill level 1 in Ice Magic
  1744 | D:2      | Reached skill level 1 in Air Magic
  1744 | D:2      | Reached skill level 1 in Earth Magic
  1744 | D:2      | Reached skill level 1 in Poison Magic
  2063 | D:3      | Reached XP level 5. HP: 39/47 MP: 8/8
  2358 | D:3      | Found a glowing drain.
  2375 | Sewer    | Entered a sewer
  2394 | Sewer    | Reached ** piety under Lugonu
  2503 | Sewer    | Noticed a big kobold
  2525 | Sewer    | Killed a big kobold
  2525 | Sewer    | Reached skill level 5 in Invocations
  2525 | Sewer    | Reached XP level 6. HP: 37/53 MP: 9/9
  2901 | Sewer    | Reached skill level 5 in Axes
  2901 | Sewer    | Reached skill level 5 in Armour
  3315 | Sewer    | Reached XP level 7. HP: 53/59 MP: 10/10
  4353 | D:4      | Noticed Edmund
  4391 | D:4      | Killed Edmund
  4391 | D:4      | Reached skill level 7 in Fighting
  4430 | D:4      | Reached *** piety under Lugonu
  4981 | D:4      | Found Inyfrol's Distillery.
  5005 | D:4      | Bought a potion of curing for 39 gold pieces
  5005 | D:4      | Bought a potion of heal wounds for 65 gold pieces
  5005 | D:4      | Bought a potion of heal wounds for 65 gold pieces
  5005 | D:4      | Bought a potion of heal wounds for 65 gold pieces
  5028 | D:4      | Found Uhimikk's Magic Scroll Emporium.
  5055 | D:4      | Slain by an ogre

Illustrated notes

Levels and vault maps discovered:
D:1:      eino_arrival_water_star, layout_rooms
D:2:      minmay_chambers_of_twos, layout_loops_ring,
          nicolae_overflow_crystal_walls, st_stairs_7, ashenzari_altar_1
D:3:      kennysheep_slugbush, layout_basic, portal_sewer_entry_a,
          hangedman_decor_diamond_cutter
D:4:      layout_basic, serial_shops, shop, shop_coins,
          nicolae_shop_overgrown_old_shop,
          nicolae_shop_temple_entry_statues_fountains, minmay_ogre_servants,
          uniq_edmund

Skill      XL: |  1  2  3  4  5  6  7 |
---------------+----------------------+-----
Short Blades   | 1 2 |  2.6
Long Blades    | 1 2 |  2.6
Maces & Flails | 1 2 |  2.6
Polearms       | 1 2 |  2.6
Staves         | 1 2 |  2.6
Slings         | 1 2 |  2.6
Bows           | 1 2 |  2.6
Crossbows      | 1 2 |  2.6
Throwing       | 1 2 |  2.6
Stealth        | 1 2 |  2.6
Shields        | 1 2 |  2.6
Unarmed Combat | 1 2 |  2.6
Spellcasting   | 1 2 |  2.6
Evocations     | 1 2 |  2.6
Conjurations   | 1 2 |  2.1
Hexes          | 1 2 |  2.1
Summonings     | 1 2 |  2.1
Necromancy     | 1 2 |  2.1
Translocations | 1 2 |  2.1
Transmutations | 1 2 |  2.1
Fire Magic     | 1 2 |  2.1
Ice Magic      | 1 2 |  2.1
Air Magic      | 1 2 |  2.1
Earth Magic    | 1 2 |  2.1
Poison Magic   | 1 2 |  2.1
Dodging        | 3 |  3.7
Invocations    | 5 |  5.4
Axes           | 5 |  5.3
Armour         | 5 |  5.3
Fighting       | 7 |  7.1

Action                   |  1- 3 |  4- 6 |  7- 9 || total
-------------------------+-------+-------+-------++-------
Melee: Hand axe          |    99 |   213 |   148 ||   460
       Bite              |     8 |    24 |    20 ||    52
       Punch             |       |     1 |       ||     1
Invok: Depart the Abyss  |     1 |       |       ||     1
Evoke: Wand              |       |       |     1 ||     1
  Use: Potion            |     2 |       |       ||     2
       Scroll            |     2 |     1 |     4 ||     7
 Stab: Paralysed         |       |       |     6 ||     6
Armor: Plate armour      |   115 |   218 |   100 ||   433
Dodge: Dodged            |    36 |    95 |    26 ||   157
Block: Buckler           |       |       |    18 ||    18

Table legend: (Time is in decaauts)
 A = Elapsed time spent in this place.
 B = Non-inter-level travel time spent in this place.
 C = Inter-level travel time spent in this place.
 D = Time resting spent in this place.
 E = Time spent auto-exploring this place.
 F = Levels seen in this place.
 G = Mean time per level.
                   A        B        C        D        E       F      G
               +--------+--------+--------+--------+--------+-----+--------+
         Total |   5140 |   5009 |    131 |   1639 |   2204 |   7 |  734.3 |
       Dungeon |   3790 |   3659 |    131 |   1014 |   1821 |   4 |  947.5 |
         Abyss |    202 |    202 |      0 |     26 |    122 |   2 |  101.0 |
         Sewer |   1147 |   1147 |      0 |    599 |    261 |   1 | 1147.0 |
               +--------+--------+--------+--------+--------+-----+--------+
